| TOP OF THE 1ST |
|
Ogden Raptors batting - Pitching for Billings Mustangs : RHP Gil Villanueva
|
|
Pitching: RHP Gil Villanueva
|
|
|
Batting: SHB Darius Vinson
|
0-0: Called Strike 0-1: Ball 1-1: Called Strike 1-2: Ball 2-2: Ball 3-2: Base on Balls
|
|
Batting: LHB Santiago Chavira
|
0-0: SINGLE (Groundball, 4MD, EV 103.8 MPH) Darius Vinson to second Throwing error, E8 Darius Vinson scores Santiago Chavira to second
|
|
Batting: LHB Mike Dickinson
|
0-0: Ball 1-0: Ball Wild Pitch! Santiago Chavira to third 2-0: SINGLE (Groundball, 3D, EV 100.0 MPH) Santiago Chavira scores
|
|
Batting: LHB Mitchell Casey
|
0-0: Foul Ball, location: 2F 0-1: SINGLE (Flyball, 7S, EV 93.1 MPH) Mike Dickinson to second
|
|
Batting: LHB Stephen Van Raalte
|
0-0: Ball 1-0: Called Strike 1-1: Ball Wild Pitch! Mike Dickinson to third Mitchell Casey to second 2-1: Foul Ball, location: 2F 2-2: Ball 3-2: Base on Balls
|
|
Batting: RHB Kevin Ezell
|
0-0: Called Strike 0-1: Ball 1-1: Swinging Strike 1-2: Fielders Choice at 2nd, 6-4 (Groundball, 56, EV 83.8 MPH) Mike Dickinson scores Mitchell Casey to third
|
|
Batting: RHB Bob Magana
|
0-0: Called Strike 0-1: Ball 1-1: Swinging Strike 1-2: SINGLE (Line Drive, 89S, EV 91.9 MPH) Mitchell Casey scores Kevin Ezell to second Runner from 2nd tries for 3rd, SAFE, throw by RF made to third
|
|
Batting: RHB Luis Hinostroza
|
0-0: 3-RUN HOME RUN (Flyball, 78XD, EV 98.1 MPH), Distance : 390 ft
|
|
Pitching: RHP Jaime Kijowski
|
|
|
Batting: SHB Josh Vaill
|
0-0: Called Strike 0-1: Foul Ball, location: 2F 0-2: Ball 1-2: Foul Ball, location: 2F 1-2: Strikes out looking
|
|
Batting: SHB Darius Vinson
|
0-0: Ball 1-0: Ball 2-0: Called Strike 2-1: Ball 3-1: Called Strike 3-2: Base on Balls
|
|
Batting: LHB Santiago Chavira
|
0-0: 2-RUN HOME RUN (Flyball, 9D, EV 102.5 MPH), Distance : 388 ft
|
|
Batting: LHB Mike Dickinson
|
0-0: Foul Ball, location: 2F 0-1: SOLO HOME RUN (Flyball, 7LD, EV 91.3 MPH), Distance : 343 ft
|
|
Batting: LHB Mitchell Casey
|
0-0: Foul Ball, location: 2F 0-1: Ball 1-1: Ball 2-1: Ball 3-1: Base on Balls
|
|
Pitching: LHP Paul Fuller
|
|
|
Batting: LHB Stephen Van Raalte
|
0-0: Swinging Strike 0-1: Swinging Strike 0-2: Ball Wild Pitch! Mitchell Casey to second 1-2: Strikes out swinging
|
| Top of the 1st over - 10 runs, 7 hits, 1 error, 1 left on base; Ogden 10 - Billings 0 |
| BOTTOM OF THE 1ST |
|
Billings Mustangs batting - Pitching for Ogden Raptors : RHP Ian Wilson
|
|
Pitching: RHP Ian Wilson
|
|
|
Batting: RHB Cyd Carver
|
0-0: Called Strike 0-1: Foul Ball, location: 2F 0-2: Strikes out looking
|
|
Batting: RHB David Clough
|
0-0: Ball 1-0: Ball 2-0: Foul Ball, location: 2F 2-1: Foul Ball, location: 2F 2-2: Ball 3-2: DOUBLE (Line Drive, 89M, EV 96.3 MPH)
|
|
Batting: LHB David Moore
|
0-0: Ball 1-0: Ball 2-0: Foul Ball, location: 2F 2-1: Ball 3-1: Ground out U3 (Groundball, 13, EV 86.3 MPH) David Clough to third
|
|
Batting: LHB Jon Goddard
|
0-0: Ball 1-0: Ball 2-0: Foul Ball, location: 2F 2-1: Ball 3-1: Ground out 5-3 (Groundball, 56S, EV 91.9 MPH)
|
| Bottom of the 1st over - 0 runs, 1 hit, 0 errors, 1 left on base; Ogden 10 - Billings 0 |
| TOP OF THE 2ND |
|
Ogden Raptors batting - Pitching for Billings Mustangs : LHP Paul Fuller
|
|
Batting: RHB Kevin Ezell
|
0-0: Ground out 2-3 (Groundball, 2L, EV 67.5 MPH)
|
|
Batting: RHB Bob Magana
|
0-0: Ball 1-0: Ball 2-0: Ball 3-0: Called Strike 3-1: Base on Balls
|
|
Batting: RHB Luis Hinostroza
|
0-0: Foul Ball, location: 2F 0-1: Ball 1-1: Ball 2-1: Swinging Strike 2-2: Ball 3-2: Strikes out swinging
|
|
Batting: SHB Josh Vaill
|
0-0: Ball 1-0: Ball 2-0: Called Strike 2-1: Ball 3-1: Base on Balls Bob Magana to second
|
|
Pitching: RHP Vladislav Prochazka
|
|
|
Batting: SHB Darius Vinson
|
0-0: Swinging Strike 0-1: Ground out 3-1 (Groundball, 34, EV 101.9 MPH)
|
| Top of the 2nd over - 0 runs, 0 hits, 0 errors, 2 left on base; Ogden 10 - Billings 0 |
| BOTTOM OF THE 2ND |
|
Billings Mustangs batting - Pitching for Ogden Raptors : RHP Ian Wilson
|
|
Pitching: RHP Cory Fischer
|
|
|
Batting: RHB Hector Maldonado
|
0-0: Ball 1-0: Foul Ball, location: 2F 1-1: Foul Ball, location: 2F 1-2: Foul Ball, location: 2F 1-2: Foul Ball, location: 2F 1-2: Ball 2-2: Ball 3-2: Base on Balls
|
|
Batting: RHB Jon Monteith
|
0-0: Swinging Strike 0-1: Foul Ball, location: 2F 0-2: Ball 1-2: Foul Ball, location: 2F 1-2: Strikes out swinging
|
|
Batting: RHB Jay Jacobson
|
0-0: Called Strike 0-1: Swinging Strike 0-2: Strikes out swinging
|
|
Batting: LHB William Matthews
|
0-0: Ball 1-0: Called Strike 1-1: Foul Ball, location: 2F 1-2: Ball 2-2: Strikes out swinging
|
| Bottom of the 2nd over - 0 runs, 0 hits, 0 errors, 1 left on base; Ogden 10 - Billings 0 |
| TOP OF THE 3RD |
|
Ogden Raptors batting - Pitching for Billings Mustangs : RHP Vladislav Prochazka
|
|
Batting: LHB Santiago Chavira
|
0-0: Fly out, F8 (Line Drive, 8RD, EV 108.8 MPH)
|
|
Batting: LHB Mike Dickinson
|
0-0: Ball 1-0: Swinging Strike 1-1: SINGLE (Groundball, 56D, EV 105.6 MPH)
|
|
Batting: LHB Mitchell Casey
|
0-0: Ball 1-0: Called Strike 1-1: Foul Ball, location: 2F 1-2: Foul Ball, location: 2F 1-2: Ball 2-2: Strikes out swinging
|
|
Batting: LHB Stephen Van Raalte
|
0-0: Ground out U3 (Groundball, 34, EV 85.0 MPH)
|
| Top of the 3rd over - 0 runs, 1 hit, 0 errors, 1 left on base; Ogden 10 - Billings 0 |
| BOTTOM OF THE 3RD |
|
Billings Mustangs batting - Pitching for Ogden Raptors : RHP Cory Fischer
|
|
Pitching: RHP Victor Delgado
|
|
|
Batting: RHB Yutaka Sato
|
0-0: Called Strike 0-1: Ground out 6-3 (Groundball, 6, EV 87.5 MPH)
|
|
Batting: RHB Cyd Carver
|
0-0: Called Strike 0-1: Ball 1-1: Ball 2-1: Swinging Strike 2-2: Foul Ball, location: 2F 2-2: Foul Ball, location: 2F 2-2: Strikes out swinging
|
|
Batting: RHB David Clough
|
0-0: Ball 1-0: Ball 2-0: Ball 3-0: Called Strike 3-1: Base on Balls
|
|
Batting: LHB David Moore
|
0-0: Foul Ball, location: 2F 0-1: Foul Ball, location: 2F 0-2: Ball 1-2: Strikes out looking
|
| Bottom of the 3rd over - 0 runs, 0 hits, 0 errors, 1 left on base; Ogden 10 - Billings 0 |
| TOP OF THE 4TH |
|
Ogden Raptors batting - Pitching for Billings Mustangs : RHP Vladislav Prochazka
|
|
Batting: RHB Kevin Ezell
|
0-0: Ball 1-0: Called Strike 1-1: Ball 2-1: Called Strike 2-2: Foul Ball, location: 2F 2-2: Ball 3-2: Foul Ball, location: 2F 3-2: Foul Ball, location: 2F 3-2: Base on Balls
|
|
Pitching: RHP George Sanchez
|
|
|
Batting: RHB Bob Magana
|
0-0: Ball 1-0: Ball 2-0: Fly out, F4 (Line Drive, 4, EV 68.1 MPH)
|
|
Batting: RHB Luis Hinostroza
|
0-0: Grounds into double play, U4-3 (Groundball, 6M, EV 88.1 MPH)
|
| Top of the 4th over - 0 runs, 0 hits, 0 errors, 0 left on base; Ogden 10 - Billings 0 |
| BOTTOM OF THE 4TH |
|
Billings Mustangs batting - Pitching for Ogden Raptors : RHP Victor Delgado
|
|
Pitching: RHP Ramon Luna
|
|
|
Batting: LHB Jon Goddard
|
0-0: Called Strike 0-1: Ground out U3 (Groundball, 3L, EV 97.5 MPH)
|
|
Batting: RHB Hector Maldonado
|
0-0: Called Strike 0-1: Ball 1-1: Called Strike 1-2: Ball 2-2: Strikes out looking
|
|
Batting: RHB Jon Monteith
|
0-0: Called Strike 0-1: SINGLE (Flyball, 8LS, EV 84.4 MPH)
|
|
Batting: RHB Jay Jacobson
|
0-0: Foul Ball, location: 2F 0-1: Foul Ball, location: 2F 0-2: Foul Ball, location: 2F 0-2: Ball 1-2: SINGLE (Flyball, 34D, EV 80.0 MPH) Jon Monteith to second
|
|
Batting: LHB William Matthews
|
0-0: DOUBLE (Flyball, 89D, EV 101.3 MPH) Jon Monteith scores Jay Jacobson to third
|
|
Batting: RHB Yutaka Sato
|
0-0: Called Strike 0-1: Foul Ball, location: 2F 0-2: SINGLE (Groundball, 56D, EV 104.4 MPH) Jay Jacobson scores William Matthews to third Runner from 3rd tries for Home, throw by LF and OUT! 7-2
|
| Bottom of the 4th over - 2 runs, 4 hits, 0 errors, 1 left on base; Ogden 10 - Billings 2 |
| TOP OF THE 5TH |
|
Ogden Raptors batting - Pitching for Billings Mustangs : RHP George Sanchez
|
|
Batting: SHB Josh Vaill
|
0-0: Ball 1-0: Ball 2-0: Called Strike 2-1: Ball 3-1: Swinging Strike 3-2: DOUBLE (Line Drive, 89M, EV 91.9 MPH)
|
|
Batting: SHB Darius Vinson
|
0-0: Ball 1-0: Called Strike 1-1: Swinging Strike 1-2: Foul Ball, location: 2F 1-2: Foul Ball, location: 2F 1-2: SINGLE (Groundball, 4D, EV 104.4 MPH) Josh Vaill to third
|
|
Batting: LHB Santiago Chavira
|
0-0: SINGLE (Groundball, 6S, EV 66.3 MPH) (infield hit) Josh Vaill scores Darius Vinson to second
|
|
Batting: LHB Mike Dickinson
|
0-0: Ball 1-0: Called Strike 1-1: Called Strike 1-2: Ball 2-2: 3-RUN HOME RUN (Flyball, 89XD, EV 108.1 MPH), Distance : 401 ft
|
|
Pitching: RHP Mark Ortner
|
|
|
Batting: LHB Mitchell Casey
|
0-0: Called Strike 0-1: Hit by Pitch
|
|
Batting: LHB Stephen Van Raalte
|
0-0: Ball 1-0: Fielders Choice at 2nd, 4-6 (Groundball, 4MD, EV 86.3 MPH)
|
|
Batting: RHB Kevin Ezell
|
0-0: Foul Ball, location: 2F 0-1: Called Strike 0-2: Ball 1-2: Ball 2-2: Foul Ball, location: 2F 2-2: Ball 3-2: Base on Balls Stephen Van Raalte to second
|
|
Batting: RHB Bob Magana
|
Balk! Stephen Van Raalte to third Kevin Ezell to second 0-0: Ball 1-0: Foul Ball, location: 2F 1-1: Ball 2-1: Swinging Strike 2-2: Foul Ball, location: 2F 2-2: Ball 3-2: Base on Balls
|
|
Batting: RHB Luis Hinostroza
|
0-0: Foul Ball, location: 2F 0-1: Foul Ball, location: 2F 0-2: Foul Ball, location: 2F 0-2: Ball 1-2: SINGLE (Line Drive, 7S, EV 103.8 MPH) Stephen Van Raalte scores Kevin Ezell to third Bob Magana to second
|
|
Pitching: LHP Matthew Berry
|
|
|
Batting: SHB Josh Vaill
|
0-0: Ball 1-0: Called Strike 1-1: Fly out, F8 (Flyball, 78D, EV 102.5 MPH) Runner from 3rd tags up, SCORES, throw by CF Bob Magana to third
|
|
Batting: SHB Darius Vinson
|
0-0: Ball 1-0: Foul Ball, location: 2F 1-1: TRIPLE (Flyball, 89XD, EV 100.6 MPH) Bob Magana scores Luis Hinostroza scores
|
|
Batting: LHB Santiago Chavira
|
0-0: Ground out 4-3 (Groundball, 4MD, EV 82.5 MPH)
|
| Top of the 5th over - 8 runs, 6 hits, 0 errors, 1 left on base; Ogden 18 - Billings 2 |
| BOTTOM OF THE 5TH |
|
Billings Mustangs batting - Pitching for Ogden Raptors : RHP Ramon Luna
|
|
Pitching: RHP Nick Vigh
|
|
|
Batting: RHB Cyd Carver
|
0-0: Swinging Strike 0-1: Called Strike 0-2: Foul Ball, location: 2F 0-2: Ball 1-2: Fly out, F3 (Line Drive, 3, EV 71.3 MPH)
|
|
Batting: RHB David Clough
|
0-0: Called Strike 0-1: Ball 1-1: SINGLE (Line Drive, 6MD, EV 106.9 MPH)
|
|
Batting: LHB David Moore
|
0-0: Ball 1-0: Ball 2-0: Called Strike 2-1: Foul Ball, location: 2F 2-2: Strikes out swinging
|
|
Batting: LHB Jon Goddard
|
0-0: Ball 1-0: Ball 2-0: Ball 3-0: Called Strike 3-1: Swinging Strike 3-2: Base on Balls David Clough to second
|
|
Pitching: RHP Charles Durand
|
|
|
Batting: RHB Hector Maldonado
|
0-0: Ball 1-0: Foul Ball, location: 2F 1-1: Fly out, F7 (Flyball, 7D, EV 91.9 MPH)
|
| Bottom of the 5th over - 0 runs, 1 hit, 0 errors, 2 left on base; Ogden 18 - Billings 2 |
| TOP OF THE 6TH |
|
Ogden Raptors batting - Pitching for Billings Mustangs : LHP Matthew Berry
|
|
Batting: LHB Mike Dickinson
|
0-0: Ball 1-0: Ball 2-0: Ball 3-0: Base on Balls
|
|
Batting: LHB Mitchell Casey
|
0-0: Called Strike 0-1: Foul Ball, location: 2F 0-2: Ball 1-2: Strikes out swinging
|
|
Batting: LHB Stephen Van Raalte
|
0-0: Foul Ball, location: 2F 0-1: Fly out, F9 (Flyball, 89M, EV 85.6 MPH)
|
|
Batting: RHB Kevin Ezell
|
0-0: Foul Ball, location: 2F 0-1: Swinging Strike 0-2: Ball 1-2: SINGLE (Line Drive, 8LS, EV 87.5 MPH) Mike Dickinson to second
|
|
Pitching: RHP Taneo Kobayashi
|
|
|
Batting: RHB Bob Magana
|
0-0: Ball 1-0: Ball 2-0: Called Strike 2-1: Foul Ball, location: 2F 2-2: Ball 3-2: Foul Ball, location: 2F 3-2: Base on Balls Mike Dickinson to third Kevin Ezell to second
|
|
Batting: RHB Luis Hinostroza
|
0-0: Ball 1-0: Foul Ball, location: 2F 1-1: Foul Ball, location: 2F 1-2: Strikes out looking
|
| Top of the 6th over - 0 runs, 1 hit, 0 errors, 3 left on base; Ogden 18 - Billings 2 |
| BOTTOM OF THE 6TH |
|
Billings Mustangs batting - Pitching for Ogden Raptors : RHP Charles Durand
|
|
Batting: RHB Jon Monteith
|
0-0: Called Strike 0-1: Foul Ball, location: 2F 0-2: Ball 1-2: Strikes out looking
|
|
Batting: RHB Jay Jacobson
|
0-0: Called Strike 0-1: SINGLE (Groundball, 15S, EV 66.9 MPH) (infield hit)
|
|
Batting: LHB William Matthews
|
0-0: Ball Jay Jacobson steals 2nd base (no throw) 1-0: Foul Ball, location: 2F 1-1: Ball 2-1: Ball 3-1: Base on Balls
|
|
Batting: RHB Yutaka Sato
|
0-0: Ball 1-0: Ball 2-0: Swinging Strike 2-1: Grounds into double play, 4-6-3 (Groundball, 4S, EV 83.8 MPH)
|
| Bottom of the 6th over - 0 runs, 1 hit, 0 errors, 1 left on base; Ogden 18 - Billings 2 |
| TOP OF THE 7TH |
|
Ogden Raptors batting - Pitching for Billings Mustangs : RHP Taneo Kobayashi
|
|
Batting: SHB Josh Vaill
|
0-0: Ball 1-0: Ball 2-0: Called Strike 2-1: Foul Ball, location: 2F 2-2: Foul Ball, location: 2F 2-2: Foul Ball, location: 2F 2-2: Foul Ball, location: 2F 2-2: Ball 3-2: Fly out, F9 (Flyball, 9S, EV 86.3 MPH)
|
|
Batting: SHB Darius Vinson
|
0-0: Called Strike 0-1: Ball 1-1: Ball 2-1: Ball 3-1: Base on Balls
|
|
Batting: LHB Santiago Chavira
|
0-0: Foul Ball, location: 2F 0-1: Called Strike 0-2: Fielders Choice at 2nd, 6-4 (Groundball, 6, EV 86.3 MPH)
|
|
Pinch Hitting: RHB Junro Kato
|
0-0: Called Strike 0-1: Swinging Strike 0-2: 2-RUN HOME RUN (Flyball, 7D, EV 100.0 MPH), Distance : 371 ft
|
|
Pinch Hitting: RHB Gary Ming
|
0-0: Ball 1-0: Swinging Strike 1-1: Foul Ball, location: 2F 1-2: Strikes out swinging
|
| Top of the 7th over - 2 runs, 1 hit, 0 errors, 0 left on base; Ogden 20 - Billings 2 |
| BOTTOM OF THE 7TH |
|
Billings Mustangs batting - Pitching for Ogden Raptors : RHP Charles Durand
|
|
Pitching: RHP Justin Donovan
|
|
|
Now at 1B: Junro Kato
|
|
|
Now in LF: Gary Ming
|
|
|
Batting: RHB Cyd Carver
|
0-0: Ball 1-0: Foul Ball, location: 2F 1-1: Hit by Pitch
|
|
Batting: RHB David Clough
|
0-0: Ball Cyd Carver steals 2nd base (no throw) 1-0: Ball 2-0: Called Strike 2-1: Foul Ball, location: 2F 2-2: 2-RUN HOME RUN (Flyball, 78XD, EV 100.0 MPH), Distance : 399 ft
|
|
Batting: LHB David Moore
|
0-0: Called Strike 0-1: Foul Ball, location: 2F 0-2: Ball 1-2: Foul Ball, location: 2F 1-2: Ball 2-2: Fly out, F6 (Popup, 4MD, EV 57.5 MPH)
|
|
Batting: LHB Jon Goddard
|
0-0: Called Strike 0-1: Called Strike 0-2: Strikes out swinging
|
|
Batting: RHB Hector Maldonado
|
0-0: Foul Ball, location: 2F 0-1: Ball 1-1: Ball 2-1: Foul Ball, location: 2F 2-2: SINGLE (Groundball, 4M, EV 105.6 MPH) (infield hit)
|
|
Pitching: RHP Matt Alderson
|
|
|
Batting: RHB Jon Monteith
|
0-0: Ball 1-0: Called Strike 1-1: SINGLE (Groundball, 6MD, EV 96.9 MPH) Hector Maldonado to second
|
|
Batting: RHB Jay Jacobson
|
0-0: Called Strike 0-1: Called Strike 0-2: Ball Wild Pitch! Hector Maldonado to third Jon Monteith to second 1-2: Ground out 6-3 (Groundball, 56, EV 106.3 MPH)
|
| Bottom of the 7th over - 2 runs, 3 hits, 0 errors, 2 left on base; Ogden 20 - Billings 4 |
| TOP OF THE 8TH |
|
Ogden Raptors batting - Pitching for Billings Mustangs : RHP Taneo Kobayashi
|
|
Batting: LHB Stephen Van Raalte
|
0-0: Foul Ball, location: 2F 0-1: Foul Ball, location: 2F 0-2: Foul Ball, location: 2F 0-2: Ball 1-2: Foul Ball, location: 2F 1-2: Strikes out swinging
|
|
Batting: RHB Kevin Ezell
|
0-0: Called Strike 0-1: Foul Ball, location: 2F 0-2: Foul Ball, location: 2F 0-2: Ball 1-2: Strikes out swinging
|
|
Batting: RHB Bob Magana
|
0-0: Ball 1-0: Ball 2-0: Foul Ball, location: 2F 2-1: Fly out, F9 (Flyball, 9S, EV 80.0 MPH)
|
| Top of the 8th over - 0 runs, 0 hits, 0 errors, 0 left on base; Ogden 20 - Billings 4 |
| BOTTOM OF THE 8TH |
|
Billings Mustangs batting - Pitching for Ogden Raptors : RHP Matt Alderson
|
|
Batting: LHB William Matthews
|
0-0: Ball 1-0: Ball 2-0: Ball 3-0: Base on Balls
|
|
Batting: RHB Yutaka Sato
|
0-0: Ball 1-0: Fielders Choice at 2nd, 6-4 (Groundball, 6, EV 96.9 MPH)
|
|
Batting: RHB Cyd Carver
|
0-0: Foul Ball, location: 2F 0-1: Fielders Choice at 2nd, 5-4 (Groundball, 56, EV 110.6 MPH)
|
|
Batting: RHB David Clough
|
Balk! Cyd Carver to second 0-0: Ball 1-0: Foul Ball, location: 2F 1-1: Foul Ball, location: 2F 1-2: Ball 2-2: Ball 3-2: Fly out, F9 (Flyball, 9S, EV 78.8 MPH)
|
| Bottom of the 8th over - 0 runs, 0 hits, 0 errors, 1 left on base; Ogden 20 - Billings 4 |
| TOP OF THE 9TH |
|
Ogden Raptors batting - Pitching for Billings Mustangs : RHP Taneo Kobayashi
|
|
Batting: RHB Luis Hinostroza
|
0-0: Ball 1-0: Called Strike 1-1: Ball 2-1: Ball 3-1: Called Strike 3-2: Foul Ball, location: 2F 3-2: Base on Balls
|
|
Pitching: RHP Omar Vinson
|
|
|
Batting: SHB Josh Vaill
|
0-0: Ball 1-0: Foul Ball, location: 2F 1-1: Called Strike 1-2: Foul Ball, location: 2F 1-2: Ball 2-2: Foul Ball, location: 2F 2-2: Ball 3-2: Fielders Choice at 2nd, 1-6 (Groundball, 13S, EV 74.4 MPH)
|
|
Batting: SHB Darius Vinson
|
0-0: Ball 1-0: Called Strike 1-1: Ball 2-1: TRIPLE (Line Drive, 9D, EV 113.1 MPH) Josh Vaill scores
|
|
Batting: LHB Santiago Chavira
|
0-0: Called Strike 0-1: Ball 1-1: Foul Ball, location: 2F 1-2: Strikes out swinging
|
|
Batting: RHB Junro Kato
|
0-0: Ground out 1-3 (Groundball, 15S, EV 68.8 MPH)
|
| Top of the 9th over - 1 run, 1 hit, 0 errors, 1 left on base; Ogden 21 - Billings 4 |
| BOTTOM OF THE 9TH |
|
Billings Mustangs batting - Pitching for Ogden Raptors : RHP Matt Alderson
|
|
Batting: LHB David Moore
|
0-0: Swinging Strike 0-1: Foul Ball, location: 2F 0-2: Ball 1-2: Ball 2-2: Ball 3-2: Ground out U3 (Groundball, 3, EV 78.8 MPH)
|
|
Batting: LHB Jon Goddard
|
0-0: SINGLE (Groundball, 4MD, EV 93.8 MPH)
|
|
Batting: RHB Hector Maldonado
|
0-0: Called Strike 0-1: Called Strike 0-2: Ball 1-2: Strikes out swinging
|
|
Batting: RHB Jon Monteith
|
0-0: Ball 1-0: Ball 2-0: Called Strike 2-1: Ball 3-1: SINGLE (Line Drive, 8RS, EV 95.6 MPH) Jon Goddard to second
|
|
Batting: RHB Jay Jacobson
|
0-0: Called Strike 0-1: Ground out 5-3 (Groundball, 56S, EV 82.5 MPH)
|
| Bottom of the 9th over - 0 runs, 2 hits, 0 errors, 2 left on base; Ogden 21 - Billings 4 |
|